 Dungeon Crawl Stone Soup version 0.27-a0-590-g94244163b4 (webtiles) character file.

Game seed: 4936521843876955895

7447 kae the Grappler (level 11, -1/85 HPs)
             Began as a Naga Transmuter on Mar 10, 2021.
             Was an Elder of Cheibriados.
             Slain by a troll (10 damage)
             ... on level 10 of the Dungeon.
             The game lasted 00:09:55 (13861 turns).

kae the Grappler (Naga Transmuter)                 Turns: 13861, Time: 00:09:56

Health: -1/85      AC:  5    Str: 24    XL:     11   Next: 15%
Magic:  10/15      EV: 10    Int: 23    God:    Cheibriados [****..]
Gold:   839        SH:  0    Dex: 21    Spells: 3/16 levels left

rFire    . . .     SeeInvis +     - Unarmed
rCold    . . .     Faith    .   (shield currently unavailable)
rNeg     . . .     Spirit   .   a - +0 robe
rPois    +         Reflect  .   (no helmet)
rElec    .         Harm     .   e - +0 cloak
rCorr    .         Rampage  .   (gloves currently unavailable)
Will     +....                  (no barding)
Stlth    ++........             (no amulet)
HPRegen  0.24/turn              (no ring)
MPRegen  0.14/turn              (no ring)

@: blade hands, very slow
A: large, see invisible, deformed body, poison resistance, slowness 2, spit
poison 1, naga tail 1, AC +3
a: Spit Poison, End Transformation, Renounce Religion, Bend Time, Temporal
Distortion, Slouch


You were on level 10 of the Dungeon.
You worshipped Cheibriados.
Cheibriados was greatly pleased with you.
You had blades for hands.
You visited 2 branches of the dungeon, and saw 11 of its levels.

You collected 839 gold pieces.

Inventory:

Armour
 a - a +0 robe (worn)
 e - a +0 cloak (worn)
 f - a +1 pair of gloves (melded)
Wands
 i - a wand of digging (9)
 q - a wand of iceblast (4)
 t - a wand of acid (13)
 u - a wand of flame (27)
 v - a wand of polymorph (7)
Scrolls
 c - a scroll of amnesia
 d - 2 scrolls of fear
 s - a scroll of enchant weapon
 w - 2 scrolls of teleportation
 x - a scroll of identify
Potions
 b - a potion of magic
 g - 2 potions of brilliance
 h - 3 potions of curing
 j - 4 potions of haste
 k - 2 potions of flight
 l - 2 potions of heal wounds
 m - a potion of degeneration
 n - 2 potions of attraction
 o - 2 potions of berserk rage
 p - a potion of might
 r - a potion of resistance {unknown}
 z - a potion of invisibility


   Skills:
 + Level 1.5 Fighting
 + Level 1.9 Dodging
 + Level 0.0 Stealth
 + Level 11.7 Unarmed Combat
 + Level 3.0 Spellcasting
 - Level 11.0 Transmutations
 - Level 3.0 Poison Magic
 + Level 4.7 Invocations


You had 3 spell levels left.
You knew the following spells:

 Your Spells              Type           Power      Damage    Failure   Level
a - Beastly Appendage     Tmut           100%       N/A       8%          1
b - Spider Form           Tmut/Pois      17%        N/A       21%         3
c - Ice Form              Ice/Tmut       28%        N/A       50%         4
d - Blade Hands           Tmut           26%        N/A       28%         5

Your spell library contained the following spells:

 Spells                   Type           Power      Damage    Failure   Level
 Wereblood                Tmut           52%        N/A       9%          2
 Ignite Poison            Fire/Tmut/Pois 24%        N/A       34%         3
 Foxfire                  Conj/Fire      12%        2x1d4     50%         1
 Magic Dart               Conj           12%        1d3       50%         1
 Shock                    Conj/Air       12%        1d3       50%         1
 Searing Ray              Conj           6%         3d3       58%         2
 Conjure Flame            Conj/Fire      3%         6-21      77%         3
 Dazzling Flash           Conj/Hex       6%         N/A       77%         3
 Inner Flame              Hex/Fire       3%         N/A       77%         3
 Dragon Form              Tmut           26%        N/A       96%         7
 Fulminant Prism          Conj/Hex       1%         3d6       97%         4
 Iskenderun's Mystic Bla  Conj/Tloc      3%         2d3       97%         4
 Sticky Flame             Conj/Fire      3%         2d3       97%         4
 Fireball                 Conj/Fire      1%         3d3       100%        5
 Lightning Bolt           Conj/Air       1%         1d12      100%        5


Dungeon Overview and Level Annotations

Branches:
Dungeon (10/15)            Temple (1/1) D:7             Orc (0/2) D:9
   Lair: D:8-11

Altars:
Ashenzari
Cheibriados
Dithmenos
Elyvilon
Fedhas
Gozag
Hepliaklqana
Kikubaaqudgha
Makhleb
Nemelex Xobeh
Okawaru
Qazlal
Ru
Sif Muna
Trog
Uskayaw
Vehumet
Wu Jian
Xom
Yredelemnul
Zin
The Shining One

Shops:
D:4 [   D:5 (

Annotations:
D:9 2 runed translucent doors


Innate Abilities, Weirdness & Mutations

Your serpentine skin is tough. (AC +3)
You have supernaturally acute eyesight. (SInv)
Armour fits poorly on your strangely shaped body.
Your system is resistant to poisons. (rPois)
You cover ground very slowly.
You can spit poison.
You have a snake-like lower body.


Message History

There is a stone staircase leading up here.
Key pressed, stopping travel.
You can't go down here!
Okay, then.
Okay, then.
There is a stone staircase leading up here.
Found a stone staircase leading down.
There is a stone staircase leading down here.
Found 27 stones.
You see here 27 stones.
x - a scroll of identify You now have enough gold to buy the +4 Cigotuvi's embrace {rMiasma *Drain rN+} on D:4.
You can access your shopping list by pressing '$'.
You now have 839 gold pieces (gained 15).
A troll comes into view.
The troll bites you. The troll claws you but does no damage.
The troll closely misses you.
A troll is nearby!
A troll is nearby!
Casting: Blade Hands (dangerous; 3% risk of failure)
Confirm with . or Enter, or press ? or * to list all spells.
Your hands turn into razor-sharp scythe blades.
Your +1 pair of gloves melds into your body.
The troll bites you! The troll claws you. x2
The troll bites you! The troll claws you!
The troll claws you but does no damage.
You are too injured to fight recklessly!
You are too injured to fight recklessly!
You are too injured to fight recklessly!
You are too injured to fight recklessly!
You slice the troll!!
The troll is heavily wounded.
The troll bites you. The troll claws you! The troll claws you.
* * * LOW HITPOINT WARNING * * *
You slash the troll!
The troll is almost dead.
The troll bites you!
* * * LOW HITPOINT WARNING * * *
The troll claws you!
You die...

#.......#
####.####
#.## #.#.##
##.###.## #.#
##.#
##.###.##
#T#..######.#
#@#........#
############


You could see a troll.

Vanquished Creatures
  2 two-headed ogres (D:9)
  Pikel (D:7)
  An ugly thing (D:8)
  A gargoyle (D:8)
  11 yaks
  An ice beast (D:8)
  3 orc warriors
  2 sky beasts
  A black bear (D:6)
  An eye of draining (D:8)
  4 centaurs
  4 ogres
  2 phantoms
  A lemure (D:7)
  Blork the orc (D:6)
  3 bullfrogs
  A water moccasin zombie (D:7)
  A wyvern skeleton (D:8)
  4 scorpions
  2 howler monkeys (D:7)
  A bullfrog zombie (D:9)
  3 hounds
  5 bullfrog skeletons
  A gnoll shaman (D:6)
  A centaur skeleton (D:4)
  8 orc priests
  Crazy Yiuf (D:6)
  A jelly (D:9)
  4 orc wizards
  3 iguanas
  8 worker ants
  2 hound skeletons
  A worker ant zombie (D:8)
  4 gnolls (D:6)
  8 adders
  3 white imps
  An ufetubus (D:7)
  An ooze (D:1)
  3 worms
  A dart slug (D:1)
  2 leopard geckos
  51 orcs
  5 bats
  9 giant cockroaches
  9 goblins
  6 hobgoblins
  4 jackals (D:1)
  5 kobolds
  3 quokkas
  4 frilled lizards
  A jackal skeleton (D:6)
  2 leopard gecko skeletons (D:4)
  6 rats
214 creatures vanquished.

Notes
Turn   | Place    | Note
-------+----------+-------------------------------------------
     0 | D:1      | kae the Naga Transmuter began the quest for the Orb.
     0 | D:1      | Reached XP level 1. HP: 18/18 MP: 3/3
   196 | D:1      | Reached XP level 2. HP: 25/25 MP: 5/5
   926 | D:1      | Reached XP level 3. HP: 31/31 MP: 6/6
   942 | D:1      | Learned a level 3 spell: Spider Form
  1388 | D:1      | Reached skill level 1 in Poison Magic
  2018 | D:2      | Reached XP level 4. HP: 37/38 MP: 7/7
  2466 | D:3      | Found a shimmering blue altar of Sif Muna.
  3027 | D:3      | Reached XP level 5. HP: 44/44 MP: 4/8
  3818 | D:4      | Noticed a centaur
  3829 | D:4      | Killed a centaur
  3830 | D:4      | Reached XP level 6. HP: 10/51 MP: 3/9
  4346 | D:4      | Reached skill level 5 in Unarmed Combat
  4503 | D:4      | Reached XP level 7. HP: 44/57 MP: 10/10
  4748 | D:4      | Reached skill level 5 in Transmutations
  5015 | D:4      | Found Riexuv's Antique Armour Shoppe.
  5049 | D:4      | Found a broken altar of Ashenzari.
  5056 | D:4      | Found a white marble altar of Elyvilon.
  5095 | D:5      | Entered Level 5 of the Dungeon
  5435 | D:5      | Found Hudoz's Weapon Boutique.
  5545 | D:5      | You fall into a shaft and drop 2 floors!
  5584 | D:7      | Found a shadowy altar of Dithmenos.
  5618 | D:7      | Noticed a yak
  5618 | D:7      | Noticed a yak
  5623 | D:7      | Noticed a yak
  5626 | D:7      | Noticed a yak
  5628 | D:7      | Noticed a yak
  5633 | D:7      | Killed a yak
  5634 | D:7      | Reached XP level 8. HP: 64/64 MP: 8/11
  5641 | D:7      | Killed a yak
  5651 | D:7      | Killed a yak
  5656 | D:7      | Killed a yak
  5663 | D:7      | Killed a yak
  5674 | D:7      | Found a staircase to the Ecumenical Temple.
  5684 | Temple   | Entered the Ecumenical Temple
  5802 | Temple   | Became a worshipper of Cheibriados the Contemplative
  6448 | D:6      | Reached XP level 9. HP: 70/70 MP: 9/12
  6516 | D:6      | Found a runed translucent door.
  6517 | D:6      | Noticed Crazy Yiuf
  7010 | D:6      | Noticed Blork the orc
  7019 | D:6      | Killed Blork the orc
  7019 | D:6      | Reached * piety under Cheibriados
  7186 | D:6      | Learned a level 4 spell: Ice Form
  7705 | D:6      | Killed Crazy Yiuf
  8985 | D:7      | Found an opulent altar of Gozag.
  9065 | D:7      | Noticed Pikel
  9077 | D:7      | Killed Pikel
  9077 | D:7      | Reached ** piety under Cheibriados
  9837 | D:7      | Reached XP level 10. HP: 79/79 MP: 11/14
 10057 | D:7      | Found a hazy altar of Hepliaklqana.
 10057 | D:7      | Found a shimmering blue altar of Sif Muna.
 10309 | D:8      | Reached skill level 10 in Unarmed Combat
 10383 | D:8      | Noticed a gargoyle
 10657 | D:8      | Learned a level 5 spell: Blade Hands
 10694 | D:8      | Killed a gargoyle
 10695 | D:8      | Reached skill level 10 in Transmutations
 10922 | D:8      | Identified the +5 short sword of the Insatiable Scars
                  | {holy, *Drain rPois Str+2}
 11178 | D:8      | Noticed a cyan ugly thing
 11185 | D:8      | Killed a cyan ugly thing
 11870 | D:9      | Noticed a two-headed ogre
 11880 | D:9      | Killed a two-headed ogre
 11971 | D:9      | Reached *** piety under Cheibriados
 12107 | D:9      | Found an ornate altar of the Wu Jian Council.
 12235 | D:9      | Noticed a two-headed ogre
 12243 | D:9      | Killed a two-headed ogre
 12572 | D:9      | Found a shimmering altar of Xom.
 12583 | D:9      | Reached XP level 11. HP: 77/85 MP: 11/15
 12713 | D:9      | Identified the Disquisition on Aerial Transmutation
 12917 | D:9      | Reached **** piety under Cheibriados
 13153 | D:9      | Found a runed translucent door.
 13153 | D:9      | Noticed a fire dragon
 13154 | D:9      | Noticed an ice dragon
 13154 | D:9      | Noticed a fire dragon
 13154 | D:9      | Noticed an ice dragon
 13158 | D:9      | Found the +2 shield of Resistance {rF++ rC++ Will++}
 13450 | D:9      | Found a staircase to the Orcish Mines.
 13498 | D:9      | Found a runed translucent door.
 13811 | D:10     | Entered Level 10 of the Dungeon
 13861 | D:10     | Slain by a troll

Illustrated notes

Levels and vault maps discovered:
D:1:      evilmike_arrival_hilbert_curve, layout_basic,
          amcnicky_mini_corridor_feature, minmay_misc_feat_rugged
D:2:      layout_basic
D:3:      layout_basic, amcnicky_altar_gilded
D:4:      wad_crossroads, layout_rooms, amethyst_overflow_temple_binary,
          serial_shops, shop
D:5:      layout_basic, serial_shops, shop_fountains
D:6:      layout_loops_ring, uniq_blork_the_orc, uniq_crazy_yiuf_cottage
D:7:      layout_basic, grunt_gozag_breadcrumbs,
          gammafunk_temple_overflow_elements, minmay_temple_entry_glassed_door,
          basic_altar, hangedman_decor_points, uniq_pikel
D:8:      kennysheep_big_flooded_room, layout_gridville, minmay_puff
D:9:      layout_cave_pools, xom_butterflies, hiddenorc1_lemuel, basic_altar,
          minmay_guarded_unrand_resistance
D:10:     old_forge, layout_loops_cross, dpeg_oklobed_lair, uniq_grum
Temple:   compressed_dpeg_circular_temple

Skill      XL: |  1  2  3  4  5  6  7  8  9 10 11 |
---------------+----------------------------------+-----
Poison Magic   | 1 3 |  3.0
Transmutations | 3 4 6 7 9 11 | 11.0
Unarmed Combat | 4 5 6 8 9 11 | 11.7
Spellcasting   | 3 |  3.0
Invocations    | 3 4 |  4.7
Fighting       | |  1.5
Dodging        | |  1.9

Action                   |  1- 3 |  4- 6 |  7- 9 | 10-12 || total
-------------------------+-------+-------+-------+-------++-------
Melee: Unarmed           |    76 |   152 |   244 |   139 ||   611
       Punch             |     1 |       |     1 |     5 ||     7
       Headbutt          |     5 |     1 |     3 |       ||     9
 Cast: Beastly Appendage |     9 |     4 |     1 |       ||    14
       Spider Form       |       |    11 |    36 |     5 ||    52
       Blade Hands       |       |       |       |    24 ||    24
 Abil: Spit Poison       |    28 |    27 |    27 |     4 ||    86
  Use: Scroll            |     4 |     2 |     7 |     6 ||    19
       Potion            |       |     1 |     2 |       ||     3
 Stab: Sleeping          |       |       |     1 |       ||     1
Armor: Robe              |    18 |    31 |    17 |    27 ||    93
       Skin              |       |     4 |    22 |       ||    26
Dodge: Dodged            |    40 |   124 |   161 |    83 ||   408

Table legend: (Time is in decaauts)
 A = Elapsed time spent in this place.
 B = Non-inter-level travel time spent in this place.
 C = Inter-level travel time spent in this place.
 D = Time resting spent in this place.
 E = Time spent auto-exploring this place.
 F = Levels seen in this place.
 G = Mean time per level.
                   A        B        C        D        E       F      G
               +--------+--------+--------+--------+--------+-----+--------+
         Total |  17980 |  17379 |    601 |    865 |  14678 |  11 | 1634.5 |
       Dungeon |  17811 |  17246 |    565 |    865 |  14547 |  10 | 1781.1 |
        Temple |    168 |    133 |     35 |      0 |    130 |   1 |  168.0 |
               +--------+--------+--------+--------+--------+-----+--------+

Top non-repeatable levels by time:
     D:7: 3472 daAuts
     D:9: 2599 daAuts
     D:8: 2379 daAuts
     D:6: 1962 daAuts
     D:1: 1813 daAuts
     D:4: 1488 daAuts
     D:5: 1350 daAuts
     D:3: 1338 daAuts
     D:2: 1297 daAuts
  Temple: 168 daAuts
    D:10: 110 daAuts
